[gd_scene load_steps=22 format=2]

[ext_resource path="res://Car/Car.gd" type="Script" id=1]
[ext_resource path="res://assets/cars/trabant_2.png" type="Texture" id=2]

[sub_resource type="RectangleShape2D" id=1]
extents = Vector2( 23.5, 10 )

[sub_resource type="AtlasTexture" id=2]
flags = 4
atlas = ExtResource( 2 )
region = Rect2( 250, 0, 50, 25 )

[sub_resource type="AtlasTexture" id=3]
flags = 4
atlas = ExtResource( 2 )
region = Rect2( 300, 0, 50, 25 )

[sub_resource type="AtlasTexture" id=4]
flags = 4
atlas = ExtResource( 2 )
region = Rect2( 350, 0, 50, 25 )

[sub_resource type="AtlasTexture" id=5]
flags = 4
atlas = ExtResource( 2 )
region = Rect2( 0, 0, 50, 25 )

[sub_resource type="AtlasTexture" id=6]
flags = 4
atlas = ExtResource( 2 )
region = Rect2( 50, 0, 50, 25 )

[sub_resource type="AtlasTexture" id=7]
flags = 4
atlas = ExtResource( 2 )
region = Rect2( 100, 0, 50, 25 )

[sub_resource type="AtlasTexture" id=8]
flags = 4
atlas = ExtResource( 2 )
region = Rect2( 150, 0, 50, 25 )

[sub_resource type="AtlasTexture" id=9]
flags = 4
atlas = ExtResource( 2 )
region = Rect2( 200, 0, 50, 25 )

[sub_resource type="SpriteFrames" id=10]
animations = [ {
"frames": [ SubResource( 2 ), SubResource( 3 ), SubResource( 4 ) ],
"loop": true,
"name": "broken",
"speed": 5.0
}, {
"frames": [ SubResource( 5 ), SubResource( 6 ), SubResource( 7 ), SubResource( 8 ), SubResource( 9 ) ],
"loop": true,
"name": "static",
"speed": 5.0
} ]

[sub_resource type="AtlasTexture" id=11]
flags = 4
atlas = ExtResource( 2 )
region = Rect2( 250, 25, 50, 25 )

[sub_resource type="AtlasTexture" id=12]
flags = 4
atlas = ExtResource( 2 )
region = Rect2( 300, 25, 50, 25 )

[sub_resource type="AtlasTexture" id=13]
flags = 4
atlas = ExtResource( 2 )
region = Rect2( 350, 25, 50, 25 )

[sub_resource type="AtlasTexture" id=14]
flags = 4
atlas = ExtResource( 2 )
region = Rect2( 0, 25, 50, 25 )

[sub_resource type="AtlasTexture" id=15]
flags = 4
atlas = ExtResource( 2 )
region = Rect2( 50, 25, 50, 25 )

[sub_resource type="AtlasTexture" id=16]
flags = 4
atlas = ExtResource( 2 )
region = Rect2( 100, 25, 50, 25 )

[sub_resource type="AtlasTexture" id=17]
flags = 4
atlas = ExtResource( 2 )
region = Rect2( 150, 25, 50, 25 )

[sub_resource type="AtlasTexture" id=18]
flags = 4
atlas = ExtResource( 2 )
region = Rect2( 200, 25, 50, 25 )

[sub_resource type="SpriteFrames" id=19]
animations = [ {
"frames": [ SubResource( 11 ), SubResource( 12 ), SubResource( 13 ) ],
"loop": true,
"name": "broken",
"speed": 5.0
}, {
"frames": [ SubResource( 14 ), SubResource( 15 ), SubResource( 16 ), SubResource( 17 ), SubResource( 18 ) ],
"loop": true,
"name": "static",
"speed": 5.0
} ]

[node name="Car" type="RigidBody2D"]
position = Vector2( 84, 37 )
gravity_scale = 0.0
script = ExtResource( 1 )
__meta__ = {
"_edit_group_": true
}

[node name="CollisionShape2D" type="CollisionShape2D" parent="."]
shape = SubResource( 1 )

[node name="ColorRect" type="ColorRect" parent="."]
visible = false
margin_left = -23.0
margin_top = -10.0
margin_right = 24.0
margin_bottom = 10.0
color = Color( 0.482353, 0.0235294, 0.0235294, 1 )

[node name="AnimatedSprite_coloured" type="AnimatedSprite" parent="."]
frames = SubResource( 10 )
animation = "static"

[node name="AnimatedSprite_non_coloured" type="AnimatedSprite" parent="."]
frames = SubResource( 19 )
animation = "static"

[connection signal="body_entered" from="." to="." method="_on_Car_body_entered"]
